Map: 2000 Atmospheres LE

Players

HeroMarine - Winner!

  • Race: Terran Terran

Lilbow

  • Race: Protoss Protoss

Event: DreamHack SC2 Masters 2021 Fall

VOD

Have the link to the VOD?

Description

Time

  • Played on: Aug. 7, 2021, 11:06 a.m.
  • Length: 7:06

All games in this series

Show
View Real Time Build Order
Export as new Build Order

HeroMarine Terran - Winner!

Build Orders: Reaper Expand 

Get SALT Encoding   

  12  0:00  SCV  
  13  0:12  SCV  
  14  0:17  Supply Depot  
  14  0:24  SCV  
  15  0:39  SCV  
  15  0:40  Barracks  
  16  0:43  Refinery  
  16  0:51  SCV  
  17  1:03  SCV  
  18  1:15  SCV  
  19  1:27  Reaper, Orbital Command  
  20  1:42  Command Center  
  20  1:52  Supply Depot  
  20  1:53  SCV  
  21  1:59  Marine  
  22  2:05  SCV  
  23  2:09  Factory  
  23  2:18  SCV  
  23  2:20  Refinery  
  23  2:21  Barracks Reactor  
  24  2:30  SCV  
  25  2:42  SCV  
  26  2:54  SCV, Hellion  
  26  2:55  Orbital Command, Starport  
  29  2:58  Marine  
  29  2:59  Marine  
  31  3:06  SCV  
  32  3:15  Widow Mine  
  32  3:16  Marine x2  
  32  3:18  Supply Depot, SCV  
  37  3:22  SCV  
  38  3:30  SCV  
  38  3:32  Medivac  
  41  3:34  Marine x2, SCV  
  41  3:36  Widow Mine  
  46  3:42  SCV  
  46  3:46  Barracks  
  46  3:47  SCV  
  46  3:48  Supply Depot  
  48  3:52  Marine x2  
  50  3:56  SCV  
  50  3:59  SCV  
  50  4:00  Factory Tech Lab  
  52  4:04  Barracks  
  52  4:05  Starport Tech Lab  
  52  4:08  SCV  
  53  4:11  SCV  
  53  4:13  Engineering Bay  
  56  4:20  Siege Tank  
  57  4:24  SCV x2, Supply Depot  
  57  4:29  Refinery  
  57  4:30  Marine x2  
  61  4:36  SCV  
  62  4:39  Supply Depot, Terran Infantry Weapons Level 1  
  62  4:46  Marine, SCV  
  62  4:48  Marine x2  
  62  4:52  Bunker, Stimpack  
  65  4:54  Barracks Tech Lab  
  65  4:57  Siege Tank  
  65  4:58  SCV  
  65  4:59  SCV  
  70  5:03  Marine  
  70  5:06  Marine  
  72  5:10  Refinery  
  72  5:11  Supply Depot, SCV x2  
  72  5:14  Marine x2  
  74  5:16  Combat Shield  
  74  5:23  Supply Depot  
  74  5:24  Starport Reactor  
  74  5:25  Marine x2  
  76  5:34  Supply Depot  
  76  5:35  Marine  
  80  5:41  SCV x2  
  80  5:46  Marauder x2  
  83  5:50  Factory Reactor  
  83  5:51  Supply Depot  
  83  5:52  Marine  
  83  5:53  Marine  
  85  5:57  Supply Depot  
  85  6:00  Medivac  
  85  6:01  Medivac  
  89  6:07  Marauder x2  
  89  6:10  Marine x2  
  95  6:15  Supply Depot  
  95  6:21  SCV  
  95  6:22  SCV  
  97  6:28  Marine x2, Marauder x2  
  97  6:31  Widow Mine x2, Medivac x2  
  111  6:41  Supply Depot  
  111  6:46  Marine x2  
  108  6:59  Command Center  
  99  7:04  Barracks  
Show
View Real Time Build Order
Export as new Build Order

Lilbow Protoss 

Build Orders: 1 Gate Expand, Blink Stalkers 

Get SALT Encoding   

  12  0:00  Probe  
  13  0:12  Probe  
  14  0:17  Pylon  
  14  0:24  Probe (Chrono Boost)  
  16  0:36  Gateway  
  16  0:37  Probe (Chrono Boost)  
  16  0:42  Probe (Chrono Boost)  
  16  0:45  Assimilator  
  17  0:51  Probe  
  18  1:03  Probe  
  19  1:15  Probe  
  20  1:24  Nexus  
  20  1:31  Cybernetics Core  
  20  1:36  Probe  
  21  1:43  Assimilator  
  21  1:48  Probe  
  21  1:52  Pylon  
  22  2:00  Probe  
  23  2:07  Adept (Chrono Boost), Warp Gate  
  23  2:12  Probe  
  26  2:17  Twilight Council  
  26  2:24  Probe (Chrono Boost)  
  27  2:30  Stalker  
  27  2:36  Probe (Chrono Boost)  
  29  2:38  Probe (Chrono Boost)  
  31  2:46  Probe x2 (Chrono Boost)  
  32  2:51  Probe (Chrono Boost)  
  32  2:57  Probe  
  32  2:58  Gateway  
  34  3:03  Probe  
  34  3:04  Blink (Chrono Boost)  
  35  3:10  Probe (Chrono Boost)  
  37  3:20  Probe (Chrono Boost)  
  37  3:21  Robotics Facility  
  37  3:22  Probe (Chrono Boost)  
  38  3:27  Probe (Chrono Boost)  
  38  3:29  Probe (Chrono Boost)  
  40  3:36  Probe  
  41  3:45  Nexus  
  41  3:47  Pylon  
  41  3:55  Stalker  
  41  3:56  Stalker  
  41  3:57  Probe  
  46  4:05  Pylon, Probe  
  46  4:09  Observer, Probe  
  49  4:17  Probe  
  49  4:19  Stalker x2  
  49  4:22  Assimilator  
  49  4:23  Probe  
  55  4:26  Shield Battery  
  55  4:30  Observer, Probe  
  57  4:35  Probe  
  58  4:42  Probe  
  58  4:44  Stalker  
  61  4:47  Probe  
  61  4:52  Shield Battery  
  62  4:55  Charge (Chrono Boost)  
  62  4:57  Probe  
  62  4:58  Probe  
  62  4:59  Probe  
  65  5:01  Stalker  
  65  5:06  Pylon  
  67  5:08  Gateway  
  67  5:09  Probe  
  67  5:10  Gateway, Probe  
  67  5:11  Probe  
  70  5:14  Sentry  
  73  5:21  Probe  
  73  5:22  Probe  
  73  5:23  Probe  
  73  5:26  Pylon  
  75  5:33  Probe  
  75  5:35  Gateway x2, Probe  
  77  5:36  Gateway  
  77  5:39  Sentry, Zealot  
  81  5:46  Gateway  
  81  5:48  Gateway  
  81  5:57  Warp Prism  
  81  5:59  Gateway  
  81  6:02  Pylon, Gateway  
  83  6:06  Zealot x3  
  89  6:15  Zealot  
  89  6:17  Pylon  
  87  6:28  Zealot x3  
  87  6:30  Zealot x2  
  97  6:35  Zealot  
  97  6:36  Zealot  
  101  6:40  Pylon  
  101  6:41  Pylon  
  101  6:48  Zealot  
  101  6:49  Zealot x2  
  101  6:50  Zealot  
  101  6:51  Zealot x3  
  101  6:52  Probe  
  94  6:57  Zealot  
  94  6:58  Zealot  

Tags
 
Add a new tag
Caveats
  • Supply blocks, unpowered buildings, or Contaminate may cause inaccurate times.
  • Supply counts are checked every 10 seconds.